 Dungeon Crawl Stone Soup version 0.26-a0-639-g72c4674 (webtiles) character file.

Game seed: 17700065239161679101

3584 Kurtz the Cleaver (level 9, -18/63 HPs)
             Began as a Mummy Chaos Knight on Sept 15, 2020.
             Was a Plaything of Xom.
             Demolished by a wyvern (19 damage)
             ... on level 9 of the Dungeon.
             The game lasted 00:11:54 (11828 turns).

Kurtz the Cleaver (Mummy Chaos Knight)             Turns: 11828, Time: 00:11:55

Health: -18/63     AC: 11    Str: 18      XL:     9   Next: 85%
Magic:  0/9        EV: 11    Int: 11      God:    Xom [.*....]
Gold:   534        SH:  0    Dex: 11 (12) Spells: 8/8 levels left

rFire    . . .     SeeInvis .   a - +0 hand axe (chaos)
rCold    . . .     Faith    .   (no shield)
rNeg     + + +     Spirit   +   z - +2 steam dragon scales
rPois    ∞         Reflect  .   l - +2 hat
rElec    .         Harm     .   (no cloak)
rCorr    .         Rampage  .   v - +1 pair of gloves
MR       +....                  (no boots)
Stlth    +.........             u - amulet of guardian spirit
HPRegen  0.20/turn              f - ring of flight
MPRegen  0.11/turn              r - ring of fire

@: no status effects
A: no potions, fire vulnerability, cold resistance 1, negative energy resistance
3, torment resistance, unbreathing
a: Renounce Religion, Evoke Flight


You were on level 9 of the Dungeon.
You worshipped Xom.
You were a plaything of Xom.
You visited 1 branch of the dungeon, and saw 9 of its levels.

You collected 534 gold pieces.

Inventory:

Hand Weapons
 a - a +0 hand axe of chaos (weapon)
Missiles
 p - 8 javelins
 t - 10 boomerangs
 B - 12 poisoned darts (quivered)
 D - a throwing net
Armour
 h - a +2 ring mail of magic resistance
 l - a +2 hat (worn)
 o - a +0 chain mail
 v - a +1 pair of gloves (worn)
 z - +2 steam dragon scales (worn)
 C - a +0 ring mail
Jewellery
 f - a ring of flight (left hand)
 r - a ring of fire (right hand)
 u - an amulet of guardian spirit (around neck)
 w - a cursed amulet of inaccuracy {unknown}
Wands
 j - a wand of disintegration (24)
 m - a wand of polymorph (23)
 s - a wand of digging (6)
 y - a wand of flame (10)
Scrolls
 b - a scroll of fog {unknown}
 c - 6 scrolls of amnesia {unknown}
 d - 11 scrolls of identify {unknown}
 e - 2 scrolls of blinking {unknown}
 g - 2 scrolls of immolation {unknown}
 i - 4 scrolls of teleportation {unknown}
 k - 5 scrolls of remove curse {unknown}
 n - 2 scrolls of magic mapping {unknown}
 q - a scroll of enchant weapon {unknown}
 x - a scroll of fear {unknown}
 A - a scroll of torment {unknown}


   Skills:
 - Level 3.0 Fighting
 * Level 11.9 Axes
 - Level 1.5 Armour
 - Level 0.7 Dodging


You had 8 spell levels left.
You didn't know any spells.
Your spell library contained the following spells:

 Spells                   Type           Power        Failure   Level
 Magic Dart               Conj           #...         34%         1
 Summon Small Mammal      Summ           #...         34%         1
 Call Imp                 Summ           #.......     47%         2
 Searing Ray              Conj           #.....       47%         2
 Call Canine Familiar     Summ           #.......     71%         3
 Dazzling Flash           Conj/Hex       #.....       71%         3
 Summon Guardian Golem    Hex/Summ       #.......     71%         3
 Fulminant Prism          Conj/Hex       #.........   98%         4
 Iskenderun's Mystic Bla  Conj/Tloc      #.......     98%         4
 Summon Ice Beast         Ice/Summ       #.......     98%         4
 Summon Lightning Spire   Summ/Air       #.......     98%         4
 Bolt of Magma            Conj/Fire/Erth #.........   100%        5
 Iskenderun's Battlesphe  Conj           #.......     100%        5
 Iron Shot                Conj/Erth      #.........   100%        6
 Orb of Destruction       Conj           #.........   100%        7
 Spellforged Servitor     Conj/Summ      #.........   100%        7


Dungeon Overview and Level Annotations

Branches:
Dungeon (9/15)             Temple (0/1) D:4
   Lair: D:8-11         Orc: D:9-12

Altars:
Ashenzari
Elyvilon
Fedhas
Nemelex Xobeh
Okawaru
Trog
Vehumet
Xom

Annotations:
D:5 1 runed translucent door, handsome's ghost, amateur OpDe


Innate Abilities, Weirdness & Mutations

You do not drink.
Your flesh is vulnerable to fire.
You are immune to poison.
Your flesh is cold resistant. (rC+)
You are immune to negative energy. (rN+++)
You are immune to unholy pain and torment.
You can survive without breathing.


Message History

The wyvern is moderately wounded.
The wyvern bites you!
You hit the wyvern but do no damage.
The wyvern seems to grow stronger.
The wyvern is moderately wounded.
The wyvern bites you!
You slash the wyvern! You burn the wyvern.
The wyvern is heavily wounded.
The wyvern bites you!
You are too injured to fight recklessly!
You barely miss the wyvern.
The wyvern is heavily wounded.
The wyvern bites you!!
* * * LOW HITPOINT WARNING * * *
Xom roars with laughter!
Unknown command.
Unknown command.
Okay, then.
The wyvern bites you. The wyvern bites you!!
You die...
Xom titters!

#...
#...
?.()
##...
#...
#+#
#.#
#l####
#@...#
####+#


You could see a wyvern (strong).

Vanquished Creatures
  2 hippogriffs
  A hog (D:8)
  2 orc warriors
  3 black bears
  2 phantoms
  8 ogres
  A centaur (D:8)
  A boggart (D:8)
  2 bullfrogs (D:7)
  2 big kobolds (D:8)
  3 scorpions
  3 electric eels (D:6)
  A howler monkey (D:4)
  A centaur zombie (D:6)
  A hound (D:8)
  8 orc priests
  A jelly (D:6)
  3 iguanas
  A centaur skeleton (D:7)
  3 orc wizards
  5 worker ants
  A worker ant zombie (D:6)
  9 gnolls
  A howler monkey skeleton (D:4)
  10 adders
  2 white imps (D:7)
  2 ufetubi (D:5)
  2 oozes
  An adder skeleton (D:4)
  5 worms
  5 dart slugs
  2 leopard geckos (D:1)
  23 orcs
  A ball python (D:3)
  9 giant cockroaches
  7 goblins
  4 hobgoblins
  9 jackals
  2 quokkas
  8 bats
  10 frilled lizards
  5 kobolds
  A leopard gecko zombie (D:4)
  A quokka skeleton (D:7)
  8 rats
182 creatures vanquished.

Vanquished Creatures (collateral kills)
  A black bear (D:8)
  An orc warrior (D:8)
  An orc priest (D:8)
  A quokka (D:8)
  2 kobolds (D:8)
6 creatures vanquished.

Vanquished Creatures (others)
  A gnoll shaman (D:7)
  A gnoll (D:7)
  30 plants
  2 withered plants (D:5)
34 creatures vanquished.

Grand Total: 222 creatures vanquished

Notes
Turn   | Place    | Note
-------+----------+-------------------------------------------
     0 | D:1      | Kurtz the Mummy Chaos Knight began the quest for the Orb.
     0 | D:1      | Reached XP level 1. HP: 18/18 MP: 1/1
    61 | D:1      | XOM: silly message
   178 | D:1      | XOM: potion effect (invisibility)
   228 | D:1      | Reached XP level 2. HP: 24/24 MP: 2/2
   240 | D:1      | Reached skill level 3 in Axes
   584 | D:1      | Reached XP level 3. HP: 29/29 MP: 3/3
   978 | D:2      | Found a white marble altar of Elyvilon.
  1104 | D:2      | Reached skill level 4 in Axes
  1153 | D:2      | XOM: butterfly on damage
  1304 | D:2      | Reached XP level 4. HP: 29/35 MP: 4/4
  1419 | D:2      | XOM: divination: detect items
  1545 | D:2      | Found an iron altar of Okawaru.
  1706 | D:2      | Found a sparkling altar of Nemelex Xobeh.
  1730 | D:2      | Found a faded altar of an unknown god.
  2478 | D:3      | XOM: 4-stop teleportation journey
  2484 | D:3      | Reached XP level 5. HP: 41/41 MP: 5/5
  2556 | D:3      | Reached skill level 5 in Axes
  2637 | D:3      | XOM: god gift: scroll labeled EDEOQA KADIMNO {god gift}
  2730 | D:3      | XOM: 7-stop teleportation journey
  2757 | D:3      | XOM: god gift: 55 gold pieces
  3153 | D:3      | XOM: scenery: summon butterflies
  3280 | D:4      | Found a shattered altar of Ashenzari.
  3629 | D:4      | Found a blossoming altar of Fedhas.
  3631 | D:4      | Noticed a phantom
  3671 | D:4      | Killed a phantom
  3671 | D:4      | Reached XP level 6. HP: 17/47 MP: 6/6
  4000 | D:4      | Reached skill level 6 in Axes
  4188 | D:4      | XOM: 5-stop teleportation journey
  4200 | D:4      | Found a staircase to the Ecumenical Temple.
  4432 | D:4      | XOM: scenery: create altars
  4520 | D:4      | XOM: scenery: 1 doors open
  4698 | D:5      | Entered Level 5 of the Dungeon
  4727 | D:5      | Found a runed translucent door.
  4727 | D:5      | Noticed handsome's ghost (amateur OpDe)
  4920 | D:4      | XOM: cast spell 'Chain of Chaos'
  4921 | D:4      | Reached XP level 7. HP: 48/52 MP: 7/7
  4960 | D:5      | Found a radiant altar of Vehumet.
  4967 | D:5      | XOM: confuse monster(s)
  4969 | D:5      | Reached skill level 7 in Axes
  5129 | D:5      | XOM: divination: detect creatures
  5406 | D:5      | XOM: god gift: 45 gold pieces
  6092 | D:6      | XOM: divination: magic mapping
  6219 | D:6      | XOM: summons 4 hostile demons
  6497 | D:6      | XOM: god gift: purple potion {god gift}
  6570 | D:6      | Reached skill level 8 in Axes
  6760 | D:6      | XOM: confusion (+ monsters)
  6772 | D:6      | Reached XP level 8. HP: 58/58 MP: 8/8
  6821 | D:6      | XOM: 1-stop teleportation journey
  8068 | D:7      | Noticed a hippogriff
  8096 | D:7      | Killed a hippogriff
  8096 | D:7      | Reached skill level 9 in Axes
  8743 | D:7      | Found a bloodstained altar of Trog.
  8840 | D:7      | Reached skill level 10 in Axes
  8870 | D:7      | XOM: god gift: great sword {god gift}
  8962 | D:7      | XOM: divine lightning
  9058 | D:7      | XOM: stat loss: -1 Str (16/17)
  9239 | D:8      | Reached XP level 9. HP: 60/63 MP: 7/9
  9457 | D:8      | XOM: chaos cloud
  9543 | D:7      | XOM: stat loss: -1 Dex (11/12)
  9613 | D:8      | XOM: summons 4 hostile demons
  9620 | D:7      | XOM: enchant monster (bad)
  9721 | D:8      | XOM: chaos cloud
  9727 | D:8      | XOM: enchant monster (bad)
  9920 | D:8      | Noticed Maggie
  9922 | D:8      | Noticed Maggie
  9922 | D:8      | Maggie changed into Maggie the hog
  9930 | D:8      | Killed Maggie the hog
 10039 | D:8      | XOM: summons 2 hostile shadow creatures
 10176 | D:8      | Reached skill level 11 in Axes
 10208 | D:8      | XOM: potion effect (haste)
 10620 | D:8      | XOM: 3-stop teleportation journey
 10824 | D:8      | XOM: swap monsters
 10941 | D:8      | XOM: 9-stop teleportation journey
 10992 | D:8      | XOM: polymorph orc priest -> boggart
 10997 | D:8      | XOM: stat loss: -1 Str (17/18)
 11002 | D:8      | XOM: chaos upgrade
 11076 | D:8      | XOM: summons 4 hostile shadow creatures
 11121 | D:8      | XOM: 5-stop teleportation journey
 11181 | D:8      | XOM: stat loss: -1 Dex (11/12)
 11606 | D:9      | Noticed a cyclops
 11620 | D:9      | XOM: noise
 11827 | D:9      | HP: 1/63 [wyvern (19)]
 11828 | D:9      | Demolished by a wyvern

Illustrated notes

Levels and vault maps discovered:
D:1:      dpeg_arrival_rooms_with_view, layout_loops_cross, serial_park_tiny_2
D:2:      layout_loops_ring, lemuel_round_altar, marbit_many_paths,
          chequers_ecumenical_altar_simple, kennysheep_flooded_box,
          elyvilon_altar_5
D:3:      layout_basic
D:4:      layout_basic, fedhas_altar_1, ashenzari_conservatory_becter,
          minmay_temple_entry_wispy
D:5:      layout_loops_ring, vehumet_crystals, gammafunk_ghost_grave
D:6:      cheibrodos_helix_gallery, layout_loops_cross, serial_bayou,
          serial_bayou_shore_b, serial_bayou_ford_a, serial_bayou_pond_a,
          serial_bayou_lagoon_a
D:7:      layout_loops_ring, trog_ov_bears_minmay
D:8:      layout_loops_ring, grunt_ogre_cave, corexii_leaking_fountain,
          st_stairs_4, uniq_maggie
D:9:      layout_roguey, tgw_kikubaaqudgha

Skill      XL: |  1  2  3  4  5  6  7  8  9 |
---------------+----------------------------+-----
Axes           | 3 4 5 6 8 10 11 | 11.9
Fighting       | |  3.0
Armour         | |  1.5
Dodging        | |  0.7

Action                   |  1- 3 |  4- 6 |  7- 9 || total
-------------------------+-------+-------+-------++-------
Melee: Hand axe          |   109 |   285 |   501 ||   895
Throw: Dart              |       |       |    62 ||    62
       Javelin           |       |       |     4 ||     4
Evoke: Wand              |       |       |    13 ||    13
 Stab: Invisible         |     2 |       |       ||     2
       Petrified         |       |     8 |     8 ||    16
       Paralysed         |       |     9 |     7 ||    16
       Confused          |       |       |     1 ||     1
       Petrifying        |       |       |     1 ||     1
Armor: Leather armour    |    59 |     9 |       ||    68
       Ring mail         |       |   114 |   151 ||   265
       Steam dragon scal |       |       |    56 ||    56
Dodge: Dodged            |    67 |   167 |   204 ||   438

Table legend: (Time is in decaauts)
 A = Elapsed time spent in this place.
 B = Non-inter-level travel time spent in this place.
 C = Inter-level travel time spent in this place.
 D = Time resting spent in this place.
 E = Time spent auto-exploring this place.
 F = Levels seen in this place.
 G = Mean time per level.
                   A        B        C        D        E       F      G
               +--------+--------+--------+--------+--------+-----+--------+
         Total |  11779 |  11317 |    462 |   3839 |   5460 |   9 | 1308.8 |
       Dungeon |  11779 |  11317 |    462 |   3839 |   5460 |   9 | 1308.8 |
               +--------+--------+--------+--------+--------+-----+--------+

Top non-repeatable levels by time:
     D:6: 2475 daAuts
     D:7: 2025 daAuts
     D:8: 1727 daAuts
     D:4: 1672 daAuts
     D:2: 1371 daAuts
     D:1: 972 daAuts
     D:3: 882 daAuts
     D:5: 567 daAuts
     D:9: 84 daAuts
